 Dungeon Crawl Stone Soup version 0.29-a0-330-g52719c12eb (webtiles) character file.

Game seed: 16334137217149940738

4844 gruber the Destroyer (level 10, -1/50 HPs)
             Began as a Deep Elf Conjurer on May 1, 2022.
             Was an Initiate of Vehumet.
             Slain by a centaur warrior (10 damage)
             ... on level 9 of the Dungeon.
             The game lasted 00:18:36 (12158 turns).

gruber the Destroyer (Deep Elf Conjurer)           Turns: 12158, Time: 00:18:36

Health: -1/50      AC:  7    Str:  4    XL:     10   Next: 25%
Magic:  21/25      EV: 16    Int: 28    God:    Vehumet [......]
Gold:   548        SH:  0    Dex: 13    Spells: 14/27 levels left

rFire   . . .      SeeInvis .   o - staff of conjuration
rCold   . . .      Faith    .   (no shield)
rNeg    . . .      Spirit   .   J - +2 robe {Will+}
rPois   .          Reflect  .   g - +0 helmet
rElec   .          Harm     .   (no cloak)
rCorr   .          Rampage  .   l - +0 pair of gloves
Will    ++...                   t - +0 pair of boots
Stlth   ++........              K - amulet of regeneration
HPRegen 0.96/turn               (no ring)
MPRegen 0.19/turn               (no ring)

@: no status effects
A: no striking features
a: Renounce Religion


You were on level 9 of the Dungeon.
You worshipped Vehumet.
Vehumet was noncommittal.
You visited 2 branches of the dungeon, and saw 10 of its levels.
You also visited: Ossuary.

You collected 548 gold pieces.

Inventory:

Hand Weapons
 x - a +2 dagger of draining
Armour
 g - a +0 helmet (worn)
 l - a +0 pair of gloves (worn)
 t - a +0 pair of boots (worn)
 J - a +2 robe of willpower (worn)
Magical Staves
 o - a staff of conjuration (weapon)
Jewellery
 a - an amulet of reflection
 j - a ring of fire
 K - an amulet of regeneration (around neck)
Wands
 r - a wand of digging (6)
 y - a wand of charming (7)
 C - a wand of iceblast (9)
 E - a wand of polymorph (7)
 H - a wand of flame (4)
Scrolls
 c - a scroll of acquirement {unknown}
 d - 9 scrolls of teleportation {unknown}
 e - 8 scrolls of identify {unknown}
 i - 4 scrolls of vulnerability {unknown}
 k - 3 scrolls of magic mapping {unknown}
 n - 7 scrolls of amnesia {unknown}
 p - a scroll of torment {unknown}
 q - 3 scrolls of fog {unknown}
 s - 3 scrolls of enchant armour {unknown}
 u - 3 scrolls of enchant weapon {unknown}
 v - 4 scrolls of noise {unknown}
 w - 3 scrolls of fear {unknown}
 A - a scroll of immolation {unknown}
Potions
 b - a potion of magic
 f - 2 potions of mutation {unknown}
 h - a potion of haste {unknown}
 m - 2 potions of attraction {unknown}
 z - a potion of cancellation {unknown}
 B - 2 potions of might {unknown}
 D - 3 potions of curing {unknown}
 F - 6 potions of heal wounds {unknown}
 G - 3 potions of brilliance {unknown}
 I - a potion of lignification {unknown}


   Skills:
 - Level 3.0 Staves
 * Level 9.7 Dodging
 - Level 3.2 Stealth
 - Level 9.3 Spellcasting
 - Level 11.3 Conjurations
 - Level 5.0 Hexes
 - Level 0.4 Fire Magic


You had 14 spell levels left.
You knew the following spells:

 Your Spells              Type           Power      Damage    Failure   Level
a - Magic Dart            Conj           100%       1d8       1%          1
b - Searing Ray           Conj           100%       2d8       1%          2
c - Fulminant Prism       Conj/Hex       36%        3d18      1%          4
d - Blink                 Tloc           26%        N/A       7%          2
e - Airstrike             Air            6%         N/A       41%         4

Your spell library contained the following spells:

 Spells                   Type           Power      Damage    Failure   Level
 Static Discharge         Conj/Air       61%        N/A       1%          2
 Dazzling Flash           Conj/Hex       100%       N/A       1%          3
 Animate Skeleton         Necr           26%        N/A       4%          1
 Apportation              Tloc           26%        N/A       4%          1
 Sting                    Tmut/Pois      52%        1d5       4%          1
 Summon Small Mammal      Summ           52%        N/A       4%          1
 Summon Guardian Golem    Hex/Summ       27%        N/A       4%          3
 Iskenderun's Mystic Bla  Conj/Tloc      61%        2d13      4%          4
 Poisonous Vapours        Pois/Air       26%        N/A       7%          2
 Lightning Bolt           Conj/Air       30%        1d47      12%         5
 Orb of Destruction       Conj           43%        9d12      34%         7
 Summon Lightning Spire   Summ/Air       13%        N/A       38%         4
 Olgreb's Toxic Radiance  Pois           13%        N/A       41%         4
 Alistair's Intoxication  Tmut/Pois      8%         N/A       77%         5
 Manifold Assault         Tloc           13%        N/A       77%         5
 Spellforged Servitor     Conj/Summ      30%        N/A       98%         7
 Storm Form               Tmut/Air       6%         N/A       100%        7
 Maxwell's Capacitive Co  Air            6%         ∞         100%        8


Dungeon Overview and Level Annotations

Branches:
Dungeon (9/15)             Temple (1/1) D:4         Ossuary (visited)
   Lair: D:8-11         Orc: D:9-12

Altars:
Ashenzari
Cheibriados
Dithmenos
Elyvilon
Fedhas
Gozag
Hepliaklqana
Kikubaaqudgha
Makhleb
Nemelex Xobeh
Okawaru
Ru
Sif Muna
Trog
Uskayaw
Vehumet
Wu Jian
Xom
Yredelemnul
Zin
The Shining One
Beogh


Message History

A wight is nearby!
A wight is nearby!
Casting: Searing Ray (safe; 1% risk of failure)
Confirm with . or Enter, or press ? or * to list all spells.
Aiming: Searing Ray (safe; 1% risk of failure)
Press: ? - help, Shift-Dir - straight line, f/p - wight
Aim: a wight, wielding a +0 spear and wearing a +0 robe (almost destroyed, 83% to hit)
You feel a surge of power!
The searing ray hits the wight.
You destroy the wight!
Vehumet accepts your kill. (Press . to maintain the ray.) Magic restored.
Things that are here:
a +0 spear; a +0 robe
Found a glowing golden altar of the Shining One.
e - 8 scrolls labelled NAMYENN IFUNN (gained 1)
A centaur warrior comes into view.
The centaur warrior shouts!
The centaur warrior wields a +0 shortbow.
The centaur warrior shoots an arrow.
The arrow hits you!
A centaur warrior is nearby!
Unknown command.
The centaur warrior shoots an arrow.
The arrow hits you!!
You start resting.
A centaur warrior is nearby!
The centaur warrior shoots an arrow.
The arrow hits you!
The centaur warrior unwields a +0 shortbow.
The centaur warrior hits you.
* * * LOW HITPOINT WARNING * * *
The centaur warrior kicks you.
* * * LOW HITPOINT WARNING * * *
Casting: Searing Ray (safe; 1% risk of failure)
Confirm with . or Enter, or press ? or * to list all spells.
Aiming: Fulminant Prism (dangerous; 1% risk of failure)
Press: ? - help, Dir - move target You feel a surge of power!
You conjure a prism of explosive energy!
A fulminant prism comes into view.
The centaur warrior hits you!
You die...

#.# #. #.# #.# #. #.#
##.## #. ## #.#
##...## #. . ..#
#.....#####. #.###.#
##...#...... #.#...#
##.##.##.≈≈
#.....######.##.##§≈.
#.@..*........##.§§
###c######.#####.≈.
.#######.# #.# #.≈.
.c$......# #.# #.≈.
########## #.# #.≈.
#.# ... ###


You could see a centaur warrior (ally target) and a friendly fulminant prism.

Vanquished Creatures
  A two-headed ogre (D:8)
  Pikel (D:7)
  An ugly thing (D:8)
  2 steam dragons (D:8)
  An orc warrior (D:7)
  A sky beast (D:6)
  2 ice beasts (D:6)
  2 centaurs
  2 ogres
  A phantom (D:4)
  4 lemures (D:6)
  3 bullfrogs
  A gnoll sergeant (D:5)
  A scorpion (D:7)
  12 wights
  2 jellies (D:6)
  5 howler monkeys
  2 centaur zombies (Ossuary)
  6 hounds
  2 orc priests
  2 gnoll shamans
  A human zombie (Ossuary)
  2 iguanas
  5 orc wizards
  2 mummies (Ossuary)
  23 gnolls
  8 adders
  A shadow imp (D:6)
  2 white imps
  2 adder zombies (Ossuary)
  3 worms (D:2)
  2 dart slugs
  52 orcs
  3 ball pythons
  4 bats
  4 endoplasms (D:4)
  6 giant cockroaches
  12 goblins
  11 hobgoblins
  19 jackals
  3 quokkas
  2 frilled lizards (D:1)
  2 goblin zombies (Ossuary)
  10 hobgoblin zombies (Ossuary)
  2 jackal zombies (Ossuary)
  8 kobolds
  8 kobold zombies (Ossuary)
  10 orc zombies (Ossuary)
  9 rats
  A fulminant prism (D:7)
271 creatures vanquished.

Vanquished Creatures (others)
  A black bear (D:4)
  A scorpion (D:4)
  An iguana (D:4)
  An orc (D:4)
  23 fulminant prisms
  7 plants
34 creatures vanquished.

Grand Total: 305 creatures vanquished

Notes
Turn   | Place    | Note
-------+----------+-------------------------------------------
     0 | D:1      | gruber the Deep Elf Conjurer began the quest for the Orb.
     0 | D:1      | Reached XP level 1. HP: 10/10 MP: 6/6
   240 | D:1      | Reached XP level 2. HP: 15/15 MP: 5/8
   705 | D:1      | Reached skill level 5 in Conjurations
   755 | D:1      | Found a faded altar of an unknown god.
  1078 | D:2      | Learned a level 2 spell: Searing Ray
  1079 | D:2      | Reached XP level 3. HP: 19/19 MP: 6/9
  1994 | D:2      | Reached XP level 4. HP: 24/24 MP: 7/11
  2227 | D:3      | Reached skill level 6 in Conjurations
  2555 | D:3      | Reached XP level 5. HP: 25/28 MP: 2/13
  2856 | D:3      | Reached skill level 7 in Conjurations
  2875 | D:3      | Reached XP level 6. HP: 32/32 MP: 3/14
  3072 | D:3      | Learned a level 4 spell: Fulminant Prism
  3171 | D:3      | Reached skill level 1 in Hexes
  3779 | D:3      | Reached XP level 7. HP: 32/36 MP: 5/15
  3794 | D:3      | Reached skill level 5 in Hexes
  3954 | D:3      | Reached skill level 1 in Staves
  4771 | D:4      | Found a shimmering altar of Xom.
  4901 | D:4      | Found a staircase to the Ecumenical Temple.
  4994 | Temple   | Entered the Ecumenical Temple
  5297 | D:4      | Reached skill level 5 in Spellcasting
  5694 | D:5      | Entered Level 5 of the Dungeon
  5899 | D:5      | Found a burning altar of Makhleb.
  5945 | D:5      | Reached XP level 8. HP: 41/41 MP: 1/20
  6506 | D:6      | Found a sand-covered staircase.
  6511 | Ossuary  | Entered an ossuary
  7587 | D:6      | Found a basalt altar of Yredelemnul.
  7702 | D:6      | Reached skill level 8 in Conjurations
  8755 | D:7      | Reached skill level 9 in Conjurations
  8762 | D:7      | Reached XP level 9. HP: 43/45 MP: 4/24
  8928 | D:7      | Reached skill level 10 in Conjurations
  9031 | D:7      | Noticed Pikel
  9308 | D:7      | Killed Pikel
  9309 | D:7      | Reached skill level 11 in Conjurations
  9539 | D:7      | Found a runed translucent door.
  9710 | D:7      | Found a hazy altar of Hepliaklqana.
 10092 | D:7      | Found an iron altar of Okawaru.
 10384 | D:7      | Reached skill level 5 in Dodging
 11035 | D:8      | Learned a level 2 spell: Blink
 11040 | D:8      | Learned a level 4 spell: Airstrike
 11088 | D:8      | Found a glowing silver altar of Zin.
 11089 | D:8      | Found a white marble altar of Elyvilon.
 11122 | D:8      | Found an ancient bone altar of Kikubaaqudgha.
 11185 | D:8      | Found a radiant altar of Vehumet.
 11229 | D:8      | Noticed a cyan ugly thing
 11238 | D:8      | Killed a cyan ugly thing
 11239 | D:8      | Reached XP level 10. HP: 50/50 MP: 13/25
 11467 | D:8      | Found a shimmering blue altar of Sif Muna.
 11620 | D:8      | Noticed a two-headed ogre
 11679 | D:8      | Became a worshipper of Vehumet
 11751 | D:8      | Killed a two-headed ogre
 11831 | D:8      | Found a sacrificial altar of Ru.
 12118 | D:9      | Found a glowing golden altar of the Shining One.
 12149 | D:9      | Noticed a centaur warrior
 12158 | D:9      | Slain by a centaur warrior

Illustrated notes

Levels and vault maps discovered:
D:1:      evilmike_arrival_hilbert_curve, layout_basic,
          hellmonk_ecumenical_altar_prayer_group, grunt_decor_junction,
          chequers_serial_rivers_room_b
D:2:      layout_basic, minmay_randomly_rotated_circles
D:3:      lemuel_castle_with_subvaults [lemuel_castle_interior_carwin_2],
          layout_basic
D:4:      layout_rooms, xom_confusion_cloud, minmay_temple_entry_stoned_glass,
          kennysheep_doodads, hex_tiny, nicolae_elevator_lobby_plus
D:5:      layout_rooms, mainiacjoe_overflow_tiny_flanked,
          guppyfry_early_lair_pool
D:6:      layout_basic, mainiacjoe_overflow_alcove_2,
          nicolae_ossuary_entry_false_entrances, minivault_5, minivault_1
D:7:      layout_gridville, okawaru_gym_becter,
          nicolae_hepliaklqana_hazy_memory, dreamdust_princess_bridge,
          lightli_church_of_beogh, uniq_pikel
D:8:      layout_rooms, mainiacjoe_overflow_catwalk_spiral, marbit_many_paths,
          mainiacjoe_overflow_small_starburst, gammafunk_temple_overflow_pools,
          serial_glass, glass_columns_c, glass_columns_c,
          minmay_misc_feat_columns
D:9:      layout_loops_corners, mainiacjoe_overflow_brackets, orc_0_dummy,
          serial_bayou, serial_bayou_shore_b, serial_bayou_pond_d,
          serial_bayou_shore_b, serial_bayou_crossing,
          amcnicky_altar_lugonu_corruption
Temple:   jpeg_temple_island

Skill      XL: |  1  2  3  4  5  6  7  8  9 10 |
---------------+-------------------------------+-----
Conjurations   | 5 6 7 9 11 | 11.3
Stealth        | 3 |  3.2
Spellcasting   | 4 6 9 |  9.3
Dodging        | 3 8 9 |  9.7
Hexes          | 4 5 |  5.0
Staves         | 3 |  3.0
Fire Magic     | |  0.4

Action                   |  1- 3 |  4- 6 |  7- 9 | 10-12 || total
-------------------------+-------+-------+-------+-------++-------
Melee: Staff             |       |     2 |    10 |     4 ||    16
 Cast: Magic Dart        |    81 |   149 |   331 |    16 ||   577
       Searing Ray       |       |     4 |    35 |     5 ||    44
       Fulminant Prism   |       |       |    19 |     6 ||    25
Armor: Robe              |       |     4 |    34 |     7 ||    45
Dodge: Dodged            |     2 |    12 |    91 |    12 ||   117

Table legend: (Time is in decaauts)
 A = Elapsed time spent in this place.
 B = Non-inter-level travel time spent in this place.
 C = Inter-level travel time spent in this place.
 D = Time resting spent in this place.
 E = Time spent auto-exploring this place.
 F = Levels seen in this place.
 G = Mean time per level.
                   A        B        C        D        E       F      G
               +--------+--------+--------+--------+--------+-----+--------+
         Total |  12217 |  11516 |    701 |     42 |  10046 |  11 | 1110.6 |
       Dungeon |  11123 |  10431 |    692 |     42 |   9129 |   9 | 1235.9 |
        Temple |    255 |    247 |      8 |      0 |    243 |   1 |  255.0 |
       Ossuary |    838 |    838 |      0 |      0 |    674 |   1 |  838.0 |
               +--------+--------+--------+--------+--------+-----+--------+

Top non-repeatable levels by time:
     D:3: 2386 daAuts
     D:6: 1980 daAuts
     D:7: 1533 daAuts
     D:2: 1196 daAuts
     D:8: 1036 daAuts
     D:1: 975 daAuts
     D:4: 974 daAuts
 Ossuary: 838 daAuts
     D:5: 824 daAuts
  Temple: 255 daAuts
     D:9: 216 daAuts
